MLB
CHICAGO CUBS @ ARIZONA DIAMONDBACKS
07/17/2049
 
TOP OF THE 1ST
Chicago Cubs batting - Pitching for Arizona Diamondbacks : LHP Tim Wybenga
Pitching: LHP Tim Wybenga
Batting: RHB Steve Bartman Jr. 0-0: Ball
1-0: Ball
2-0: Called Strike
2-1: Ball
3-1: Base on Balls
Batting: SHB Gabriel Cruz 0-0: Called Strike
0-1: Called Strike
0-2: Strikes out swinging
Batting: RHB Xavier Davis Pickoff Throw to First - Out! 1-3
0-0: Ball
1-0: Swinging Strike
1-1: SINGLE (Groundball, 56D, EV 102.5 MPH)
Batting: LHB Kevin Norton 0-0: Called Strike
0-1: Swinging Strike
0-2: Strikes out swinging
Top of the 1st over - 0 runs, 1 hit, 0 errors, 1 left on base; Chicago 0 - Arizona 0
BOTTOM OF THE 1ST
Arizona Diamondbacks batting - Pitching for Chicago Cubs : RHP Brian Bailes
Pitching: RHP Brian Bailes
Batting: RHB Andy Swaim 0-0: Ball
1-0: Ball
2-0: Foul Ball, location: 2F
2-1: Ball
3-1: Foul Ball, location: 2F
3-2: Base on Balls
Batting: LHB Roy Steigerwald 0-0: Ball
Andy Swaim is caught stealing 2nd base 2-6
1-0: Called Strike
1-1: Called Strike
1-2: Foul Ball, location: 2F
1-2: Ground out 1-3 (Groundball, 23, EV 69.4 MPH)
Batting: RHB Katilimomi Kelekolio 0-0: Ball
1-0: Ground out 5-3 (Groundball, 5, EV 91.2 MPH)
Bottom of the 1st over - 0 runs, 0 hits, 0 errors, 0 left on base; Chicago 0 - Arizona 0
TOP OF THE 2ND
Chicago Cubs batting - Pitching for Arizona Diamondbacks : LHP Tim Wybenga
Batting: SHB Moe Lester 0-0: Called Strike
0-1: Ground out 5-3 (Groundball, 56, EV 86.9 MPH)
Batting: RHB Jose Balderrama 0-0: Foul Ball, location: 2F
0-1: Ground out 5-3 (Groundball, 56, EV 91.2 MPH)
Batting: SHB Zory Larikov 0-0: SINGLE (Groundball, 6MD, EV 101.2 MPH)
Batting: RHB Alan Oxenrider 0-0: Ball
1-0: Called Strike
Zory Larikov steals 2nd base
1-1: Ball
2-1: Ground out 6-3 (Groundball, 56, EV 101.9 MPH)
Top of the 2nd over - 0 runs, 1 hit, 0 errors, 1 left on base; Chicago 0 - Arizona 0
BOTTOM OF THE 2ND
Arizona Diamondbacks batting - Pitching for Chicago Cubs : RHP Brian Bailes
Batting: SHB Perry Tuckfard 0-0: DOUBLE (Line Drive, 9LD, EV 90.0 MPH)
Batting: RHB Jim Zucco 0-0: Ball
1-0: Ball
2-0: Called Strike
2-1: Called Strike
2-2: Ball
3-2: Foul Ball, location: 2F
3-2: Foul Ball, location: 2F
3-2: Fly out, F8 (Flyball, 8RXD, EV 80.6 MPH)
Runner from 2nd tags up, SAFE at 3rd, no throw by CF
Batting: SHB Salvador Aragon 0-0: Ball
1-0: Foul Ball, location: 2F
1-1: Called Strike
1-2: Fly out, F6 (Popup, 6MD, EV 45.6 MPH)
Batting: LHB Mike Mentzer 0-0: SINGLE (Line Drive, 5D, EV 96.2 MPH)
Perry Tuckfard scores
Batting: RHB Bob Najar 0-0: Ball
1-0: Called Strike
Mike Mentzer steals 2nd base
1-1: Hit by Pitch
Batting: RHB Marlon Reda 0-0: Foul Ball, location: 2F
0-1: Ground out 6-3 (Groundball, 6M, EV 96.9 MPH)
Bottom of the 2nd over - 1 run, 2 hits, 0 errors, 2 left on base; Chicago 0 - Arizona 1
TOP OF THE 3RD
Chicago Cubs batting - Pitching for Arizona Diamondbacks : LHP Tim Wybenga
Batting: LHB Jon Schick 0-0: SINGLE (Groundball, 6MS, EV 68.1 MPH) (infield hit)
Batting: RHB Steve Bartman Jr. 0-0: SINGLE (Line Drive, 9S, EV 111.2 MPH)
Jon Schick to second
Batting: SHB Gabriel Cruz 0-0: Ball
Passed Ball!
Jon Schick to third
Steve Bartman Jr. to second
1-0: Ball
2-0: Ball
3-0: Called Strike
3-1: Reached on error, E1 (Groundball, 15, EV 68.1 MPH)
Jon Schick scores
Steve Bartman Jr. scores
Batting: RHB Xavier Davis 0-0: Called Strike
0-1: Called Strike
0-2: Strikes out swinging
Batting: LHB Kevin Norton 0-0: Ball
1-0: Ball
2-0: Foul Ball, location: 2F
2-1: DOUBLE (Flyball, 89D, EV 105.0 MPH)
Gabriel Cruz scores
Batting: SHB Moe Lester 0-0: Called Strike
0-1: Ball
1-1: Foul Ball, location: 2F
1-2: Ball
2-2: Foul Ball, location: 2F
2-2: Strikes out swinging
Batting: RHB Jose Balderrama 0-0: Ball
1-0: Called Strike
1-1: Ball
2-1: Ball
Balk!
Kevin Norton to third
3-1: Called Strike
3-2: Fly out, F8 (Line Drive, 8LD, EV 100.6 MPH)
Top of the 3rd over - 3 runs, 3 hits, 1 error, 1 left on base; Chicago 3 - Arizona 1
BOTTOM OF THE 3RD
Arizona Diamondbacks batting - Pitching for Chicago Cubs : RHP Brian Bailes
Batting: RHB Andy Swaim 0-0: Called Strike
0-1: Foul Ball, location: 2F
0-2: Ball
1-2: SINGLE (Groundball, 6MD, EV 96.2 MPH)
Batting: LHB Roy Steigerwald 0-0: Foul Ball, location: 2F
0-1: Called Strike
0-2: Strikes out swinging
Batting: RHB Katilimomi Kelekolio 0-0: Fly out, F7 (Flyball, 7, EV 85.6 MPH)
Batting: SHB Perry Tuckfard 0-0: Swinging Strike
0-1: Ball
1-1: Foul Ball, location: 2F
1-2: Fly out, F7 (Line Drive, 78M, EV 104.4 MPH)
Bottom of the 3rd over - 0 runs, 1 hit, 0 errors, 1 left on base; Chicago 3 - Arizona 1
TOP OF THE 4TH
Chicago Cubs batting - Pitching for Arizona Diamondbacks : LHP Tim Wybenga
Batting: SHB Zory Larikov 0-0: Ball
1-0: Foul Ball, location: 2F
1-1: Ball
2-1: Swinging Strike
2-2: Ball
3-2: Foul Ball, location: 2F
3-2: Foul Ball, location: 2F
3-2: Strikes out swinging
Batting: RHB Alan Oxenrider 0-0: Ball
1-0: Called Strike
1-1: Ball
2-1: Foul Ball, location: 2F
2-2: Strikes out swinging
Batting: LHB Jon Schick 0-0: Foul Ball, location: 2F
0-1: Ball
1-1: Foul Ball, location: 2F
1-2: Foul Ball, location: 2F
1-2: Fly out, F5 (Popup, 5, EV 61.9 MPH)
Top of the 4th over - 0 runs, 0 hits, 0 errors, 0 left on base; Chicago 3 - Arizona 1
BOTTOM OF THE 4TH
Arizona Diamondbacks batting - Pitching for Chicago Cubs : RHP Brian Bailes
Batting: RHB Jim Zucco 0-0: Ball
1-0: Called Strike
1-1: Ground out 5-3 (Groundball, 56S, EV 88.8 MPH)
Batting: SHB Salvador Aragon 0-0: Foul Ball, location: 2F
0-1: Ball
1-1: Ball
2-1: Ball
3-1: Swinging Strike
3-2: Foul Ball, location: 2F
3-2: Base on Balls
Batting: LHB Mike Mentzer 0-0: Ball
Salvador Aragon steals 2nd base
1-0: Called Strike
1-1: Ground out 3-1 (Groundball, 34S, EV 75.6 MPH)
Salvador Aragon to third
Batting: RHB Bob Najar 0-0: Called Strike
0-1: Ball
1-1: Ball
2-1: Ground out 6-3 (Groundball, 6M, EV 108.1 MPH)
Bottom of the 4th over - 0 runs, 0 hits, 0 errors, 1 left on base; Chicago 3 - Arizona 1
TOP OF THE 5TH
Chicago Cubs batting - Pitching for Arizona Diamondbacks : LHP Tim Wybenga
Batting: RHB Steve Bartman Jr. 0-0: Ball
1-0: Called Strike
1-1: Ball
2-1: Ball
3-1: Called Strike
3-2: Ground out 6-3 (Groundball, 6M, EV 99.4 MPH)
Batting: SHB Gabriel Cruz 0-0: Foul Ball, location: 2F
0-1: Called Strike
0-2: Ball
1-2: Strikes out swinging
Batting: RHB Xavier Davis 0-0: Called Strike
0-1: Ball
1-1: SINGLE (Flyball, 8LS, EV 91.2 MPH)
Batting: LHB Kevin Norton 0-0: Ball
1-0: Fly out, F7 (Flyball, 7, EV 80.0 MPH)
Top of the 5th over - 0 runs, 1 hit, 0 errors, 1 left on base; Chicago 3 - Arizona 1
BOTTOM OF THE 5TH
Arizona Diamondbacks batting - Pitching for Chicago Cubs : RHP Brian Bailes
Batting: RHB Marlon Reda 0-0: Called Strike
0-1: Ball
1-1: Called Strike
1-2: Foul Ball, location: 2F
1-2: Ball
2-2: Ball
3-2: Foul Ball, location: 2F
3-2: Foul Ball, location: 2F
3-2: Strikes out swinging
Batting: RHB Andy Swaim 0-0: Ball
1-0: Foul Ball, location: 2F
1-1: Swinging Strike
1-2: Strikes out swinging, 2-3 out at first.
Batting: LHB Roy Steigerwald 0-0: Ball
1-0: Foul Ball, location: 2F
1-1: Ball
2-1: Ball
3-1: Ground out U3 (Groundball, 3, EV 105.0 MPH)
Bottom of the 5th over - 0 runs, 0 hits, 0 errors, 0 left on base; Chicago 3 - Arizona 1
TOP OF THE 6TH
Chicago Cubs batting - Pitching for Arizona Diamondbacks : LHP Tim Wybenga
Batting: SHB Moe Lester 0-0: Ground out 4-3 (Groundball, 4, EV 96.9 MPH)
Batting: RHB Jose Balderrama 0-0: Bunt for hit to 13 - play at first, batter OUT! 1-3
Batting: SHB Zory Larikov 0-0: Called Strike
0-1: Foul Ball, location: 2F
0-2: Ground out 6-3 (Groundball, 6, EV 102.5 MPH)
Top of the 6th over - 0 runs, 0 hits, 0 errors, 0 left on base; Chicago 3 - Arizona 1
BOTTOM OF THE 6TH
Arizona Diamondbacks batting - Pitching for Chicago Cubs : RHP Brian Bailes
Batting: RHB Katilimomi Kelekolio 0-0: Called Strike
0-1: Ball
1-1: Called Strike
1-2: Ground out 6-3 (Groundball, 6, EV 106.2 MPH)
Batting: SHB Perry Tuckfard 0-0: Called Strike
0-1: Ball
1-1: Called Strike
1-2: Fly out, F8 (Flyball, 8LS, EV 96.2 MPH)
Batting: RHB Jim Zucco 0-0: Swinging Strike
0-1: SINGLE (Groundball, 4MD, EV 100.0 MPH)
Batting: SHB Salvador Aragon 0-0: Called Strike
0-1: Ball
1-1: Fly out, F8 (Flyball, 8LXD, EV 95.0 MPH)
Bottom of the 6th over - 0 runs, 1 hit, 0 errors, 1 left on base; Chicago 3 - Arizona 1
TOP OF THE 7TH
Chicago Cubs batting - Pitching for Arizona Diamondbacks : LHP Tim Wybenga
Batting: RHB Alan Oxenrider 0-0: SINGLE (Groundball, 34D, EV 98.8 MPH)
Batting: LHB Jon Schick 0-0: Ball
1-0: Ball
2-0: SINGLE (Groundball, 4D, EV 101.9 MPH)
Alan Oxenrider to second
Runner from 2nd tries for 3rd, SAFE, throw by CF made to third
Jon Schick to second
Batting: RHB Steve Bartman Jr. 0-0: Ball
1-0: Called Strike
1-1: Ball
2-1: Called Strike
2-2: Strikes out swinging
Batting: SHB Gabriel Cruz 0-0: Ball
1-0: Called Strike
1-1: Ball
2-1: Swinging Strike
2-2: Strikes out swinging
Pitching: RHP Bill Pauley
Batting: RHB Xavier Davis 0-0: Called Strike
0-1: SINGLE (Line Drive, 89S, EV 111.2 MPH)
Alan Oxenrider scores
Jon Schick to third
Runner from 3rd tries for Home, SAFE, throw by CF to home
Batting: LHB Kevin Norton 0-0: SINGLE (Line Drive, 78S, EV 111.9 MPH)
Xavier Davis to second
Batting: SHB Moe Lester 0-0: Ball
1-0: Foul Ball, location: 2F
1-1: Ball
2-1: Swinging Strike
2-2: Ball
3-2: Foul Ball, location: 2F
3-2: Fly out, F9 (Line Drive, 89S, EV 99.4 MPH)
Top of the 7th over - 2 runs, 4 hits, 0 errors, 2 left on base; Chicago 5 - Arizona 1
BOTTOM OF THE 7TH
Arizona Diamondbacks batting - Pitching for Chicago Cubs : RHP Brian Bailes
Batting: LHB Mike Mentzer 0-0: Ball
1-0: Swinging Strike
1-1: Called Strike
1-2: Strikes out looking
Batting: RHB Bob Najar 0-0: Ball
1-0: Foul Ball, location: 2F
1-1: Ball
2-1: Swinging Strike
2-2: Ball
3-2: Base on Balls
Pitching: RHP Randy Budgell
Batting: RHB Marlon Reda 0-0: Ball
1-0: Ball
2-0: Fly out, F4 (Popup, 4S, EV 82.5 MPH)
Batting: RHB Andy Swaim 0-0: Ball
1-0: Foul Ball, location: 2F
1-1: Foul Ball, location: 2F
1-2: Foul Ball, location: 2F
1-2: Ball
2-2: Foul Ball, location: 2F
2-2: Ball
3-2: Base on Balls
Bob Najar to second
Batting: LHB Roy Steigerwald 0-0: Fly out, F8 (Line Drive, 8RD, EV 95.6 MPH)
Bottom of the 7th over - 0 runs, 0 hits, 0 errors, 2 left on base; Chicago 5 - Arizona 1
TOP OF THE 8TH
Chicago Cubs batting - Pitching for Arizona Diamondbacks : RHP Bill Pauley
Batting: RHB Jose Balderrama 0-0: Ball
1-0: Swinging Strike
1-1: Foul Ball, location: 2F
1-2: Strikes out looking
Batting: SHB Zory Larikov 0-0: Called Strike
0-1: Foul Ball, location: 2F
0-2: Ball
1-2: Ball
2-2: Ball
3-2: Foul Ball, location: 2F
3-2: Fly out, F8 (Flyball, 78XD, EV 91.9 MPH)
Batting: RHB Alan Oxenrider 0-0: Ground out 5-3 (Groundball, 56S, EV 85.6 MPH)
Top of the 8th over - 0 runs, 0 hits, 0 errors, 0 left on base; Chicago 5 - Arizona 1
BOTTOM OF THE 8TH
Arizona Diamondbacks batting - Pitching for Chicago Cubs : RHP Randy Budgell
Batting: RHB Katilimomi Kelekolio 0-0: Ball
1-0: Called Strike
1-1: Foul Ball, location: 2F
1-2: Fly out, F8 (Line Drive, 8RM, EV 98.8 MPH)
Batting: SHB Perry Tuckfard 0-0: Foul Ball, location: 2F
0-1: Ground out 5-3 (Groundball, 6, EV 79.4 MPH)
Batting: RHB Jim Zucco 0-0: Ball
1-0: Foul Ball, location: 2F
1-1: Called Strike
1-2: Ball
2-2: Ground out 6-3 (Groundball, 6, EV 85.0 MPH)
Bottom of the 8th over - 0 runs, 0 hits, 0 errors, 0 left on base; Chicago 5 - Arizona 1
TOP OF THE 9TH
Chicago Cubs batting - Pitching for Arizona Diamondbacks : RHP Bill Pauley
Pitching: RHP Rich Garces
Batting: LHB Jon Schick 0-0: Called Strike
0-1: Swinging Strike
0-2: Strikes out swinging
Batting: RHB Steve Bartman Jr. 0-0: Called Strike
0-1: Called Strike
0-2: Foul Ball, location: 2F
0-2: Fly out, F8 (Flyball, 8LD, EV 105.6 MPH)
Batting: SHB Gabriel Cruz 0-0: Swinging Strike
0-1: Swinging Strike
0-2: Ball
1-2: Strikes out swinging
Top of the 9th over - 0 runs, 0 hits, 0 errors, 0 left on base; Chicago 5 - Arizona 1
BOTTOM OF THE 9TH
Arizona Diamondbacks batting - Pitching for Chicago Cubs : RHP Randy Budgell
Batting: SHB Salvador Aragon 0-0: Called Strike
0-1: Ground out 5-3 (Groundball, 15, EV 80.6 MPH)
Batting: LHB Mike Mentzer 0-0: Called Strike
0-1: Ball
1-1: Called Strike
1-2: Foul Ball, location: 2F
1-2: SINGLE (Line Drive, 34D, EV 94.4 MPH)
Batting: RHB Bob Najar 0-0: Called Strike
0-1: Grounds into double play, 6-4-3 (Groundball, 6, EV 96.2 MPH)
Bottom of the 9th over - 0 runs, 1 hit, 0 errors, 0 left on base; Chicago 5 - Arizona 1
Sunday, July 16th , 2023 - OOTP Baseball 24.6 Build 69